 Dungeon Crawl Stone Soup version 0.32-a0-814-g0968bab981 (webtiles) character file.

Game seed: 3631578634943632063

202 smashvw the Trooper (level 5, 0/47 HPs)
             Began as a Gnoll Wanderer on Mar 22, 2024.
             Incinerated by a bombardier beetle (4 damage)
             ... with a burning spray
             ... on level 4 of the Dungeon.
             The game lasted 00:04:28 (2702 turns).

smashvw the Trooper (Gnoll Wanderer)                Turns: 2702, Time: 00:04:28

Health: 0/47       AC:  4    Str: 14    XL:     5   Next: 80%
Magic:  9/9        EV: 10    Int: 14    God:
Gold:   148        SH:  0    Dex:  8    Spells: 10/10 levels left

rFire   . . .        a - +2 mace
rCold   . . .        (no shield)
rNeg    . . .        d - +0 leather armour
rPois   .            (no helmet)
rElec   .            (no cloak)
rCorr   .            i - +0 pair of gloves
SInv    .            (no boots)
Will    .....        (no amulet)
Stlth   +            (no ring)
HPRegen 0.27/turn    (no ring)
MPRegen 0.11/turn

%: no passive effects
@: on fire, glowing
A: fangs 1, strong nose, distributed training
a: no special abilities


You were on level 4 of the Dungeon.
You visited 1 branch of the dungeon, and saw 4 of its levels.

You collected 148 gold pieces.

Inventory:

Hand Weapons
 a - a +2 mace (weapon)
Armour
 d - a +0 leather armour (worn)
 f - a +0 kite shield
 i - a +0 pair of gloves (worn)
Wands
 b - a wand of flame (1) (quivered)
Scrolls
 e - 2 scrolls of identify {unknown}
Potions
 c - a potion of haste
 g - a potion of brilliance {unknown}
 h - a potion of resistance {unknown}


   Skills:
 + Level 6.7 Fighting
 + Level 1.7 Short Blades
 + Level 1.7 Long Blades
 + Level 1.7 Axes
 + Level 4.9 Maces & Flails
 + Level 1.7 Polearms
 + Level 1.7 Staves
 + Level 1.7 Ranged Weapons
 + Level 1.7 Throwing
 + Level 1.7 Armour
 + Level 3.1 Dodging
 + Level 1.7 Stealth
 + Level 1.7 Shields
 + Level 1.7 Unarmed Combat
 + Level 3.3 Spellcasting
 + Level 1.3 Conjurations
 + Level 1.3 Hexes
 + Level 1.3 Summonings
 + Level 1.3 Necromancy
 + Level 2.5 Translocations
 + Level 1.3 Fire Magic
 + Level 1.3 Ice Magic
 + Level 1.3 Air Magic
 + Level 1.3 Earth Magic
 + Level 1.3 Alchemy
 + Level 1.9 Invocations
 + Level 4.9 Evocations
 + Level 1.5 Shapeshifting


You had 10 spell levels left.
You didn't know any spells.
Your spell library contained the following spells:

 Spells                   Type           Power      Damage    Failure   Level
 Lesser Beckoning         Tloc           18%        N/A       14%         2
 Momentum Strike          Conj/Tloc      14%        3d8       17%         2
 Sigil of Binding         Hex            6%         N/A       41%         3
 Death Channel            Necr           3%         N/A       100%        6
 Sculpt Simulacrum        Ice/Alch       3%         N/A       100%        6


Dungeon Overview and Level Annotations

Branches:
Dungeon (4/15)
 Temple: D:4-7

Altars:
Dithmenos
Okawaru


Innate Abilities, Weirdness & Mutations

You have very sharp teeth.
Your uncanny sense of smell can sniff out nearby items.
Your experience applies equally to all skills.


Message History

You are too injured to fight recklessly!
Aiming: Throw Flame
Press: ? - help, Q - select action Shift-Dir - straight line, f - goblin
Aim: a goblin, wielding a +0 dagger (67% to hit)
The puff of flame hits the goblin.
You kill the goblin!
The liquid fire burns you!
The bombardier beetle sprays incendiary fluid at you.
The burning spray hits you.
You are even more covered in liquid fire!
Aiming: Throw Flame
Press: ? - help, Q - select action Shift-Dir - straight line, f - bombardier beetle
Aim: a bombardier beetle (heavily wounded, 84% to hit)
The puff of flame hits the bombardier beetle.
The bombardier beetle is almost dead.
The liquid fire burns you!
Aiming: Throw Flame
Press: ? - help, Q - select action Shift-Dir - straight line, f/p - bombardier beetle
Aim: a bombardier beetle (almost dead, 84% to hit)
The puff of flame hits the bombardier beetle.
The bombardier beetle is almost dead.
The liquid fire burns you!
* * * LOW HITPOINT WARNING * * *
The bombardier beetle sprays incendiary fluid at you.
The burning spray hits you.
You are even more covered in liquid fire!
Aiming: Throw Flame
Press: ? - help, Q - select action Shift-Dir - straight line, f/p - bombardier beetle
Aim: a bombardier beetle (almost dead, 84% to hit)
The puff of flame hits the bombardier beetle!
You kill the bombardier beetle!
The liquid fire burns you!
* * * LOW HITPOINT WARNING * * *
You are on fire!
You shake off some of the fire as you move.
The liquid fire burns you!
* * * LOW HITPOINT WARNING * * *
You shake off some of the fire as you move.
The liquid fire burns you!
You die...

#####.# #(.>#.##
.##...#.<#
.........########
.###.#..........
.. ##.......## #.
#.......# #.
#.......# .
#...#..@...#
#...#.)....#
#...#......#
##.#.......#
.####.##### ..
#.# #.# ..#


There were no monsters in sight!

Vanquished Creatures
  A bombardier beetle (D:4)
  Jessica (D:2)
  Natasha (twice) (D:2)
  2 adders (D:3)
  2 dart slugs
  An orc (D:3)
  9 endoplasms
  2 giant cockroaches
  8 goblins
  6 hobgoblins
  3 jackals (D:2)
  7 kobolds
  6 quokkas
  4 ball pythons
  6 bats
  2 frilled lizards
  7 rats
69 creatures vanquished.

Notes
Turn   | Place    | Note
-------+----------+-------------------------------------------
     0 | D:1      | smashvw the Gnoll Wanderer began the quest for the Orb.
     0 | D:1      | smashvw set off with the following items: a +2 mace, a wand
                  | of flame (5), a potion of haste, a +0 leather armour; and
                  | the following spells available to memorise: Lesser
                  | Beckoning, Momentum Strike.
     0 | D:1      | Reached XP level 1. HP: 23/23 MP: 4/4
    89 | D:1      | You fall into a shaft and drop 1 floor!
   132 | D:2      | Reached XP level 2. HP: 24/29 MP: 5/5
   349 | D:2      | Noticed Natasha
   356 | D:2      | Killed Natasha
   357 | D:2      | Reached skill level 1 in Invocations
   357 | D:2      | Reached XP level 3. HP: 22/35 MP: 7/7
   473 | D:2      | Reached skill level 1 in Short Blades
   473 | D:2      | Reached skill level 1 in Long Blades
   473 | D:2      | Reached skill level 1 in Axes
   473 | D:2      | Reached skill level 1 in Polearms
   473 | D:2      | Reached skill level 1 in Staves
   473 | D:2      | Reached skill level 1 in Ranged Weapons
   473 | D:2      | Reached skill level 1 in Throwing
   473 | D:2      | Reached skill level 1 in Armour
   473 | D:2      | Reached skill level 1 in Stealth
   473 | D:2      | Reached skill level 1 in Shields
   473 | D:2      | Reached skill level 1 in Unarmed Combat
   739 | D:2      | Noticed Jessica
   742 | D:2      | Killed Jessica
   743 | D:2      | Reached skill level 1 in Conjurations
   743 | D:2      | Reached skill level 1 in Hexes
   743 | D:2      | Reached skill level 1 in Summonings
   743 | D:2      | Reached skill level 1 in Necromancy
   743 | D:2      | Reached skill level 1 in Fire Magic
   743 | D:2      | Reached skill level 1 in Ice Magic
   743 | D:2      | Reached skill level 1 in Air Magic
   743 | D:2      | Reached skill level 1 in Earth Magic
   743 | D:2      | Reached skill level 1 in Alchemy
   743 | D:2      | Reached skill level 1 in Shapeshifting
   743 | D:2      | Reached XP level 4. HP: 41/41 MP: 8/8
   752 | D:2      | Noticed Natasha
   761 | D:2      | Killed Natasha
   976 | D:1      | Reached XP level 5. HP: 47/47 MP: 9/9
  1452 | D:2      | Found a faded altar of an unknown god.
  1780 | D:3      | Found a shadowy altar of Dithmenos.
  2281 | D:3      | Found an iron altar of Okawaru.
  2702 | D:4      | Incinerated by a bombardier beetle

Illustrated notes

Levels and vault maps discovered:
D:1:      dpeg_arrival_lava_altar, layout_rooms
D:2:      layout_basic, shapermc_ecumenical_altar_acropolis, minivault_14,
          minmay_pentomino_u2, uniq_jessica, uniq_natasha
D:3:      layout_basic, nicolae_dithmenos_shadow_blocks, lemuel_crystal_altar,
          chequers_big_river, minmay_misc_feat_five
D:4:      nicolae_cairo_tiling, layout_rooms, mainiacjoe_overflow_brackets,
          vehumet_crystals

Skill      XL: |  1  2  3  4  5 |
---------------+----------------+-----
Translocations | 2 |  2.5
Invocations    | 1 |  1.9
Short Blades   | 1 |  1.7
Long Blades    | 1 |  1.7
Axes           | 1 |  1.7
Polearms       | 1 |  1.7
Staves         | 1 |  1.7
Ranged Weapons | 1 |  1.7
Throwing       | 1 |  1.7
Armour         | 1 |  1.7
Stealth        | 1 |  1.7
Shields        | 1 |  1.7
Unarmed Combat | 1 |  1.7
Spellcasting   | 3 |  3.3
Conjurations   | 1 |  1.3
Hexes          | 1 |  1.3
Summonings     | 1 |  1.3
Necromancy     | 1 |  1.3
Fire Magic     | 1 |  1.3
Ice Magic      | 1 |  1.3
Air Magic      | 1 |  1.3
Earth Magic    | 1 |  1.3
Alchemy        | 1 |  1.3
Shapeshifting  | 1 |  1.5
Dodging        | 3 |  3.1
Fighting       | |  6.7
Maces & Flails | |  4.9
Evocations     | |  4.9

Action                     |  1- 3 |  4- 6 || total
---------------------------+-------+-------++-------
  Melee: Mace              |    76 |   141 ||   217
         Bite              |     6 |    11 ||    17
  Evoke: Wand              |       |     4 ||     4
 Armour: Leather armour    |    68 |    98 ||   166
  Dodge: Dodged            |    33 |    99 ||   132
  Block: Kite shield       |    13 |    13 ||    26

Table legend: (Time is in decaauts)
 A = Elapsed time spent in this place.
 B = Non-inter-level travel time spent in this place.
 C = Inter-level travel time spent in this place.
 D = Time resting spent in this place.
 E = Time spent auto-exploring this place.
 F = Levels seen in this place.
 G = Mean time per level.
                   A        B        C        D        E       F      G
               +--------+--------+--------+--------+--------+-----+--------+
         Total |   2776 |   2679 |     97 |      0 |   2183 |   4 |  694.0 |
       Dungeon |   2776 |   2679 |     97 |      0 |   2183 |   4 |  694.0 |
               +--------+--------+--------+--------+--------+-----+--------+

Top non-repeatable levels by time:
     D:2: 1075 daAuts
     D:3: 1004 daAuts
     D:1: 677 daAuts
     D:4: 18 daAuts
